 Dungeon Crawl Stone Soup version 0.29.1-2-gbd0b4ee654 (webtiles) character file.

Game seed: 7499765325056376404

5201 Wilhelm1986 the Protected (level 10, -4/88 HPs)
             Began as a Minotaur Abyssal Knight on Nov 26, 2022.
             Was an Elder of Lugonu.
             Killed from afar by an electric eel (15 damage)
             ... with a bolt of electricity
             ... on level 8 of the Dungeon on Nov 30, 2022.
             The game lasted 02:22:15 (17361 turns).

Wilhelm1986 the Protected (MiAK)                   Turns: 17361, Time: 02:22:16

Health: -4/88      AC:  7    Str: 23    XL:     10   Next: 34%
Magic:  12/12      EV: 13    Int: 13    God:    Lugonu [****..]
Gold:   444        SH:  0    Dex: 12    Spells: 8/9 levels left

rFire   . . .      SeeInvis .   c - +2 scimitar (flame)
rCold   + . .      Faith    .   (no shield)
rNeg    . . .      Spirit   .   z - +2 robe {rF+}
rPois   .          Reflect  .   (helmet restricted)
rElec   .          Harm     .   r - +0 cloak {Will+}
rCorr   .          Rampage  .   i - +0 pair of gloves
Will    ++...      Clarity  +   (no boots)
Stlth   ++........ Rnd*Tele +   g - amulet of regeneration
HPRegen 1.04/turn               l - +6 ring of strength
MPRegen 0.13/turn               m - ring of ice

@: no status effects
A: horns 2, retaliatory headbutt, clarity, clever 1, strong-willed 1,
teleportitis 1
a: Renounce Religion, Depart the Abyss, Bend Space, Banish, Corrupt


You were on level 8 of the Dungeon.
You worshipped Lugonu.
Lugonu was greatly pleased with you.
You visited 2 branches of the dungeon, and saw 9 of its levels.
You visited the Abyss 1 time.

You collected 444 gold pieces.

Inventory:

Hand Weapons
 a - a +2 hand axe of electrocution
 c - a +2 scimitar of flaming (weapon)
 d - a +0 dagger of venom
 o - a +2 dagger of freezing
 p - the +11 dagger "Minotaur's Peril" {speed, rF+ rN+ rCorr}
   (You found it on level 3 of the Dungeon)

   Attacks with this weapon are significantly faster.
   rF:        It protects you from fire.
   rN:        It protects you from negative energy.
   rCorr:     It protects you from acid and corrosion.
 q - a +4 quarterstaff of chaos
 u - a +1 whip of flaming
 w - a +1 hand axe of flaming
 A - a +0 trident
 B - a +2 flail of protection
 C - a +0 spear of freezing
 D - a +0 war axe
 K - a +5 scimitar
 L - a +2 trident
 N - a +3 falchion
 O - a +0 dagger of venom
 P - a +0 shortbow
Missiles
 k - 75 stones
 s - 3 poisoned darts
Armour
 i - a +0 pair of gloves (worn)
 r - a +0 cloak of willpower (worn)
 z - a +2 robe of fire resistance (worn)
 G - an orb of wrath
 Q - +0 steam dragon scales
 S - a +0 plate armour
Magical Staves
 e - a staff of fire
 J - a staff of poison
Jewellery
 g - an amulet of regeneration (around neck)
 j - a ring of protection from cold
 l - a +6 ring of strength (left hand)
 m - a ring of ice (right hand)
 E - a ring of ice
 R - a ring of ice
Wands
 h - a wand of digging (3)
 t - a wand of flame (16)
 y - a wand of roots (9) (quivered)
Scrolls
 b - 2 scrolls of identify
 v - 2 scrolls of immolation
 H - a scroll of brand weapon
 I - a scroll of teleportation
Potions
 f - 2 potions of brilliance
 x - a potion of magic
 F - a potion of haste


   Skills:
 + Level 8.0 Fighting
 - Level 6.1(6.2) Short Blades
 * Level 2.0(4.7) Long Blades
 - Level 6.6 Axes
 - Level 7.2 Staves
 + Level 9.8 Armour
 + Level 4.6 Dodging
 - Level 1.3 Stealth
 * Level 1.1 Earth Magic
 + Level 4.0 Invocations


You had 8 spell levels left.
You knew the following spells:

 Your Spells              Type           Power      Damage    Failure   Level
a - Sandblast             Erth           4%         2d4       21%         1

Your spell library contained the following spells:

 Spells                   Type           Power      Damage    Failure   Level
 Ensorcelled Hibernation  Hex/Ice        0%         N/A       43%         2
 Static Discharge         Conj/Air       0%         3-3/arc   43%         2
 Ozocubu's Armour         Ice            0%         N/A       67%         3
 Spider Form              Tmut/Pois      0%         N/A       67%         3
 Petrify                  Tmut/Erth      1%         N/A       94%         4
 Anguish                  Hex/Necr       0%         N/A       97%         4
 Dispel Undead            Necr           0%         3d6       97%         4
 Sticky Flame             Conj/Fire      0%         2d3       97%         4
 Summon Ice Beast         Ice/Summ       0%         N/A       97%         4
 Metabolic Englaciation   Hex/Ice        0%         N/A       100%        5
 Simulacrum               Ice/Necr       0%         N/A       100%        6
 Statue Form              Tmut/Erth      0%         N/A       100%        6
 Haunt                    Necr/Summ      0%         N/A       100%        7
 Monstrous Menagerie      Summ           0%         N/A       100%        7


Dungeon Overview and Level Annotations

Branches:
Dungeon (8/15)             Temple (1/1) D:4
   Lair: D:8-11

Altars:
Ashenzari
Cheibriados
Dithmenos
Elyvilon
Fedhas
Gozag
Kikubaaqudgha
Okawaru
Qazlal
Sif Muna
Trog
Uskayaw
Vehumet
Wu Jian
Xom
Yredelemnul
Zin
The Shining One

Shops:
D:4 (


Innate Abilities, Weirdness & Mutations

You have a pair of horns on your head.
You reflexively headbutt those who attack you in melee.
You possess an exceptional clarity of mind.
Your mind is acute. (Int +4, Str/Dex -1)
You are strong-willed. (Will+)
You are occasionally teleported next to monsters.


Message History

HP restored.
You start waiting.
Done waiting.
The electric eel shoots out a bolt of lightning at you!
The bolt of electricity misses you.
The electric eel shoots out a bolt of lightning at you!
The bolt of electricity hits you! The bolt of electricity misses you.
The electric eel shoots out a bolt of lightning at you!
The bolt of electricity hits the electric eel.
The electric eel completely resists.
The bolt of electricity hits you!
The electric eel shoots out a bolt of lightning at you!
The bolt of electricity misses you.
The electric eel shoots out a bolt of lightning at you!
The bolt of electricity hits you!
The electric eel shoots out a bolt of lightning at you!
The bolt of electricity hits you!
The electric eel shoots out a bolt of lightning at you!
The bolt of electricity hits you!
You are too injured to fight recklessly!
You are too injured to fight recklessly!
You are too injured to fight recklessly!
You miss the electric eel. Your headbutt misses the electric eel.
The electric eel shoots out a bolt of lightning at you!
The bolt of electricity misses the electric eel.
The bolt of electricity hits you!
You barely miss the electric eel.
The electric eel shoots out a bolt of lightning at you!
The bolt of electricity misses the electric eel.
The bolt of electricity hits you!
* * * LOW HITPOINT WARNING * * *
As you read the scroll of butterflies, it crumbles to dust.
You hear the tinkle of a tiny bell.
The electric eel shoots out a bolt of lightning at you!
The bolt of electricity hits the electric eel.
The electric eel completely resists.
The bolt of electricity hits you!
* * * LOW HITPOINT WARNING * * *
The bolt of electricity misses your butterfly.
The electric eel shoots out a bolt of lightning at you!
The bolt of electricity hits you!
You die...

⌠. .#. #### 8. ..#
#..##### .##.# #......##
#...### ####......#. #
###.#...## #...........
..#........###.........#.
#.......b....#........[..
.....bb.@b............#..
......b...............#..
......bSb.b.....[†....#.#
......b≈≈bb.............#
.....≈b..≈........#..<...
...~≈≈..>≈....$...#######
....≈≈.S.≈........# #
....≈≈..≈≈≈.........# #
......≈.≈....?....#.# #


You could see 2 electric eels.

Vanquished Creatures
  Erica (D:8)
  Pikel (D:5)
  Sigmund (D:5)
  4 yaks
  2 steam dragons
  A basilisk (D:8)
  2 water moccasins
  An ice beast (D:6)
  2 orc warriors (D:8)
  A sky beast (D:6)
  An ogre (D:5)
  2 centaurs
  A lemure (D:5)
  5 bullfrogs
  2 necrophages (D:7)
  10 wights
  3 killer bees (D:7)
  2 howler monkeys (D:6)
  Crazy Yiuf (D:3)
  A gnoll bouda (D:7)
  3 jellies
  6 orc priests
  Natasha (thrice) (D:4)
  2 iguanas
  12 orc wizards
  A hound skeleton (D:8)
  Robin (D:4)
  3 gnolls (D:7)
  3 adders
  3 shadow imps
  5 white imps
  A worm (D:2)
  2 dart slugs
  31 orcs
  8 endoplasms
  5 giant cockroaches
  12 goblins
  17 hobgoblins
  3 jackals (D:5)
  4 quokkas
  4 ball pythons
  5 bats
  4 frilled lizards
  4 kobolds
  7 rats
193 creatures vanquished.

Vanquished Creatures (others)
  12 fungi
  11 plants (Temple)
23 creatures vanquished.

Grand Total: 216 creatures vanquished

Notes
Turn   | Place    | Note
-------+----------+-------------------------------------------
     0 | Abyss:1  | Wilhelm1986 the Minotaur Abyssal Knight began the quest for
                  | the Orb.
     0 | Abyss:1  | Reached XP level 1. HP: 19/19 MP: 1/1
     6 | Abyss:1  | Found a corrupted altar of Lugonu.
    24 | D:1      | Escaped the Abyss
   225 | D:1      | Reached XP level 2. HP: 10/27 MP: 2/2
   497 | D:1      | Reached skill level 3 in Armour
   984 | D:1      | Gained mutation: Your mind is acute. (Int +4, Str/Dex -1)
                  | [potion of mutation]
   984 | D:1      | Gained mutation: You are partially covered in iridescent
                  | scales. (AC +2) [potion of mutation]
  1894 | D:2      | Found a faded altar of an unknown god.
  2662 | D:2      | Found a hide-covered altar of Uskayaw.
  2971 | D:1      | You fall into a shaft and drop 1 floor!
  3387 | D:2      | Reached XP level 3. HP: 33/33 MP: 3/3
  5709 | D:4      | Reached XP level 4. HP: 41/41 MP: 4/4
  5722 | D:4      | Noticed Robin
  5724 | D:4      | Reached *** piety under Lugonu
  5733 | D:4      | Killed Robin
  5734 | D:4      | Reached skill level 4 in Armour
  5754 | D:5      | Entered Level 5 of the Dungeon
  6361 | D:4      | Reached XP level 5. HP: 42/47 MP: 5/5
  6498 | D:3      | Identified the +11 dagger "Minotaur's Peril" {speed, rF+
                  | rN+ rCorr}
  6801 | D:3      | Found a runed translucent door.
  6802 | D:3      | Noticed Crazy Yiuf
  6809 | D:3      | Killed Crazy Yiuf
  6810 | D:3      | Reached skill level 5 in Axes
  6976 | D:4      | Noticed Natasha
  6989 | D:4      | Killed Natasha
  7019 | D:4      | Noticed Natasha
  7038 | D:4      | Killed Natasha
  7039 | D:4      | Reached skill level 1 in Short Blades
  7039 | D:4      | Reached XP level 6. HP: 55/55 MP: 6/6
  7228 | D:4      | Found a staircase to the Ecumenical Temple.
  7230 | D:4      | Reached **** piety under Lugonu
  7258 | D:5      | You fall into a shaft and drop 1 floor!
  7402 | D:6      | Reached skill level 5 in Fighting
  7560 | D:6      | Found a hide-covered altar of Uskayaw.
  7564 | D:6      | Noticed a sky beast
  7577 | D:6      | Killed a sky beast
  7911 | D:7      | Reached skill level 1 in Staves
  7911 | D:7      | Reached XP level 7. HP: 56/61 MP: 7/7
  7916 | D:7      | Reached skill level 5 in Armour
  7980 | D:5      | Noticed Pikel
  7993 | D:5      | Killed Pikel
  7994 | D:5      | Reached skill level 6 in Armour
  7994 | D:5      | Reached XP level 8. HP: 53/69 MP: 8/8
  8687 | D:5      | Libary
  9819 | D:4      | Noticed Natasha
  9832 | Temple   | Entered the Ecumenical Temple
 10523 | D:4      | Killed Natasha
 10952 | D:4      | Found Nywon's Antique Weapon Shop.
 11370 | D:5      | Noticed Sigmund
 11374 | D:5      | Killed Sigmund
 11375 | D:5      | Reached skill level 5 in Staves
 11375 | D:5      | Reached skill level 7 in Armour
 13181 | D:6      | Reached skill level 8 in Armour
 13181 | D:6      | Reached skill level 1 in Stealth
 13190 | D:6      | Reached XP level 9. HP: 55/78 MP: 9/9
 14785 | D:7      | Reached skill level 9 in Armour
 14919 | D:7      | Found a white marble altar of Elyvilon.
 14939 | D:7      | Found a shimmering altar of Xom.
 14948 | D:7      | Found an iron altar of Okawaru.
 15061 | D:7      | Found a shimmering blue altar of Sif Muna.
 15456 | D:7      | Reached skill level 5 in Short Blades
 15808 | D:7      | Lost mutation: You are partially covered in iridescent
                  | scales. (AC +2) [potion of mutation]
 15808 | D:7      | Lost mutation: Your mind is acute. (Int +4, Str/Dex -1)
                  | [potion of mutation]
 15808 | D:7      | Gained mutation: Your mind is acute. (Int +4, Str/Dex -1)
                  | [potion of mutation]
 15808 | D:7      | Gained mutation: You are occasionally teleported next to
                  | monsters. [potion of mutation]
 15808 | D:7      | Gained mutation: You possess an exceptional clarity of
                  | mind. [potion of mutation]
 15808 | D:7      | Gained mutation: You are strong-willed. (Will+) [potion of
                  | mutation]
 16462 | D:7      | Found an ancient bone altar of Kikubaaqudgha.
 16462 | D:7      | Found a snail-covered altar of Cheibriados.
 16589 | D:7      | Reached XP level 10. HP: 61/86 MP: 11/11
 16660 | D:8      | Noticed Erica
 16738 | D:8      | Killed Erica
 16870 | D:8      | Got the Opusculum on the Collective Caves
 16976 | D:8      | Reached skill level 1 in Long Blades
 17164 | D:7      | Learned a level 1 spell: Sandblast
 17207 | D:8      | Reached skill level 1 in Earth Magic
 17361 | D:8      | Killed from afar by an electric eel

Illustrated notes

### ## ## #.# ## ##### ##.# .#
##.# ##.####...######.### #.###.
#..###.###...###........###.....#
....##.....#.# ##.....##.........
#......##...## #@................
##...#####..# #.####....†.# ##..#
##.# #.# ##..?†.## ##...###
#..###.## #......#
.......###......# ##.###..#
####.......####.## #..# #.#
#...##..## ##.## #.## #..
##.####..####..# #.# ... ####..##
##.......###.####......


Turn 8687 on D:5: Libary

Levels and vault maps discovered:
D:1:      ncdulo_wetmaze, layout_rooms, dreamdust_princess_corridor,
          minmay_tall_x
D:2:      layout_loops_ring, basic_altar, ebering_ecumenical_altar_webs
D:3:      layout_loops_cross, uniq_crazy_yiuf_cottage
D:4:      layout_cave_pools, minmay_temple_entry_wispy, serial_shops,
          kennysheep_mini, lightli_ossuary_entry_decrepit_ruins,
          minmay_misc_feat_plants, uniq_natasha, uniq_robin
D:5:      nicolae_cairo_tiling_large, layout_layer_cave, uniq_pikel,
          uniq_sigmund
D:6:      layout_loops_cross, lemuel_tele_altar, nicolae_eternal_life,
          hangedman_decor_lopped
D:7:      layout_loops_ring, marbit_many_paths, nicolae_overflow_hidden_temple,
          grunt_temple_overflow_diamond, kennysheep_donut
D:8:      layout_basic, makhleb_blood_cavern_becter, serial_shops,
          nicolae_shop_temple_entry_statues_fountains, gammafunk_ghost_hive,
          disabler_island, uniq_erica
Temple:   minmay_temple_curvy_loop

Skill      XL: |  1  2  3  4  5  6  7  8  9 10 |
---------------+-------------------------------+-----
Fighting       | 4 5 6 7 8 |  8.0
Armour         | 3 4 6 8 9 |  9.8
Axes           | 3 4 5 6 |  6.6
Short Blades   | 1 2 3 5 6 |  6.1
Staves         | 1 3 6 7 |  7.2
Dodging        | 2 4 |  4.6
Stealth        | 1 |  1.3
Invocations    | 3 4 |  4.0
Long Blades    | 2 |  2.0
Earth Magic    | 1 |  1.1

Action                   |  1- 3 |  4- 6 |  7- 9 | 10-12 || total
-------------------------+-------+-------+-------+-------++-------
Melee: Dagger            |    10 |    51 |    93 |    24 ||   178
       Hand axe          |    82 |    62 |       |       ||   144
       Headbutt          |    12 |    28 |    69 |    12 ||   121
       Punch             |       |     1 |     1 |       ||     2
       Quarterstaff      |       |    18 |   220 |       ||   238
       Scimitar          |       |       |       |    34 ||    34
 Cast: Sandblast         |       |       |       |     1 ||     1
Invok: Bend Space        |       |       |     3 |       ||     3
       Banish            |       |       |     1 |       ||     1
  Use: Potion            |     6 |     2 |     6 |       ||    14
       Scroll            |     8 |     1 |     9 |     2 ||    20
 Stab: Sleeping          |       |       |     1 |     1 ||     2
Armor: Ring mail         |    18 |       |       |       ||    18
       Leather armour    |     1 |       |       |       ||     1
       Chain mail        |    52 |    87 |   142 |       ||   281
       Steam dragon scal |       |       |     4 |     4 ||     8
       Robe              |       |       |       |     7 ||     7
Dodge: Dodged            |    55 |    47 |   106 |    52 ||   260
